 Dungeon Crawl Stone Soup version 0.21-a0-110-g8e1637b (webtiles) character file.

16010 Lavandula the Merchant of Misery (level 12, -4/86 HPs)
             Began as a Mummy Arcane Marksman on July 7, 2017.
             Was a Believer of Kikubaaqudgha.
             Slain by a black mamba (6 damage)
             ... on level 5 of the Lair of Beasts.
             The game lasted 01:23:28 (10521 turns).

Lavandula the Merchant of Misery (MuAM)            Turns: 10521, Time: 01:23:29

Health: -4/86      AC: 10    Str: 14    XL:     12   Next: 6%
Magic:  16/25      EV:  2    Int: 15    God:    Kikubaaqudgha [**....]
Gold:   125        SH:  0    Dex: 14    Spells: 3/30 levels left

rFire    x x .     SeeInvis +   A - +2 demon whip (elec)
rCold    + + .     Gourm    .   (no shield)
rNeg     + + +     Faith    .   l - +1 leather armour {rN+}
rPois    ∞         Spirit   .   v - +1 helmet {SInv}
rElec    .         Reflect  .   (no cloak)
rCorr    .         Harm     .   g - +2 pair of gloves
MR       +....                  H - +0 pair of boots
Stlth    +.........             e - amulet of magic regeneration
HPRegen  0.24/turn              f - ring of ice
MPRegen  0.44/turn              N - ring of wizardry

@: petrified
A: no food or potions, fire vulnerability, cold resistance 1, negative energy
resistance 3, torment resistance, unbreathing
a: Receive Corpses, Renounce Religion


You were on level 5 of the Lair of Beasts.
You worshipped Kikubaaqudgha.
Kikubaaqudgha was pleased with you.
You were not hungry.

You visited 3 branches of the dungeon, and saw 17 of its levels.

You collected 746 gold pieces.
You spent 621 gold pieces at shops.

Inventory:

Hand Weapons
 a - a +3 hand crossbow
 w - a -3 trident
 A - a +2 demon whip of electrocution (weapon)
 I - the +8 rapier of Kaytua {flame, rElec rC+ Str+3}
   (You found it on level 8 of the Dungeon)

   It has been specially enchanted to burn those struck by it, causing extra
   injury to most foes and up to half again as much damage against particularly
   susceptible opponents.
   It affects your strength (+3).
   It protects you from cold.
   It insulates you from electricity.
Missiles
 d - 91 bolts
 m - 6 tomahawks (quivered)
 r - 7 curare-tipped needles
Armour
 g - a +2 pair of gloves (worn)
 l - a +1 leather armour of positive energy (worn)
 q - a +2 shield of cold resistance
 v - a +1 helmet of see invisible (worn)
 F - the +1 ring mail of the Vaults {rF- rC+ MR+ Dex+4}
   (You found it on level 9 of the Dungeon)

   It affects your dexterity (+4).
   It makes you vulnerable to fire.
   It protects you from cold.
   It affects your resistance to hostile enchantments.
 H - a +0 pair of boots (worn)
Jewellery
 e - an amulet of magic regeneration (around neck)
 f - a ring of ice (left hand)
 j - the ring of Xyturro {rCorr Int+4 Dex+4 Slay-5 Stlth+}
   (You found it on level 1 of the Lair of Beasts)

   [ring of resist corrosion]

   It affects your intelligence (+4).
   It affects your dexterity (+4).
   It affects your accuracy and damage with ranged weapons and melee attacks
   (-5).
   It makes you more stealthy.
 E - an uncursed ring of flight
 G - an uncursed ring of fire
 N - a ring of wizardry (right hand)
Wands
 i - a wand of iceblast (8/15)
 s - a wand of iceblast (0/15)
 t - a wand of flame (28/48)
 u - a wand of lightning (7/15)
 z - a wand of iceblast (4/15)
 D - a wand of digging (12/24)
 K - a wand of digging (6/24)
 L - a wand of confusion (34/48)
 M - a wand of paralysis (16/24)
 Q - a wand of random effects (37/48)
Scrolls
 b - 4 scrolls of blinking
 k - 5 scrolls of fog
 o - 7 scrolls of remove curse
 p - 5 scrolls of magic mapping
 x - a scroll of recharging
 y - 3 scrolls of teleportation
 B - a scroll of fear
 O - a scroll of torment {unknown}
 R - a scroll of immolation {unknown}
Books
 c - a book of Debilitation

   Spells                             Type                      Level
   a - Corona                         Hexes                        1
   b - Slow                           Hexes                        2
   c - Inner Flame                    Hexes/Fire                   3
   d - Portal Projectile              Hexes/Translocation          3
   e - Cause Fear                     Hexes                        4
   f - Leda's Liquefaction            Hexes/Earth                  4
 h - a book of Air

   Spells                             Type                      Level
   a - Shock                          Conjuration/Air              1
   b - Swiftness                      Charms/Air                   2
   c - Static Discharge               Conjuration/Air              3
   d - Airstrike                      Air                          4
   e - Lightning Bolt                 Conjuration/Air              5
 n - Kikubaaqudgha's Incunabulum of Sinister Arts
   (Kikubaaqudgha gifted it to you on level 1 of the Lair of Beasts)

   Spells                             Type                      Level
   a - Excruciating Wounds            Charms/Necromancy            5
   b - Bolt of Draining               Conjuration/Necromancy       5
   c - Agony                          Necromancy                   5
   d - Cigotuvi's Embrace             Necromancy                   5
   e - Dispel Undead                  Necromancy                   5
 C - Kikubaaqudgha's Disquisition on Sinister Secrets
   (Kikubaaqudgha gifted it to you on level 11 of the Dungeon)

   Spells                             Type                      Level
   a - Animate Skeleton               Necromancy                   1
   b - Pain                           Necromancy                   1
   c - Corpse Rot                     Necromancy                   2
   d - Vampiric Draining              Necromancy                   3
   e - Control Undead                 Necromancy                   4
 P - a book of Misfortune

   Spells                             Type                      Level
   a - Confusing Touch                Hexes                        1
   b - Confuse                        Hexes                        3
   c - Gell's Gravitas                Translocation                3
   d - Petrify                        Transmutation/Earth          4
   e - Metabolic Englaciation         Hexes/Ice                    5
   f - Yara's Violent Unravelling     Hexes/Transmutation          5
Miscellaneous
 J - a fan of gales


   Skills:
 - Level 5.2 Fighting
 + Level 6.7 Maces & Flails
 - Level 6.2 Crossbows
 - Level 5.1 Dodging
 - Level 9.8 Spellcasting
 - Level 4.1 Conjurations
 - Level 5.0 Hexes
 - Level 10.0 Necromancy


You had 3 spell levels left.
You knew the following spells:

 Your Spells              Type           Power        Failure   Level  Hunger
a - Corona                Hex            ###....      1%          1    N/A
b - Slow                  Hex            ###.....     1%          2    N/A
c - Cause Fear            Hex            ###.......   6%          4    N/A
d - Vampiric Draining     Necr           #####.....   1%          3    N/A
e - Animate Skeleton      Necr           N/A          1%          1    N/A
f - Corpse Rot            Necr           N/A          1%          2    N/A
g - Control Undead        Necr           #####.....   1%          4    N/A
h - Bolt of Draining      Conj/Necr      ####......   8%          5    N/A
i - Agony                 Necr           #####...     2%          5    N/A

Dungeon Overview and Level Annotations

Branches:
Dungeon (11/15)            Temple (1/1) D:7            Lair (5/6) D:8
  Swamp (0/4) Lair:4       Spider (0/4) Lair:4        Slime (0/5) Lair:5
    Orc (0/2) D:10

Altars:
Ashenzari
Cheibriados
Dithmenos
Elyvilon
Fedhas
Hepliaklqana
Kikubaaqudgha
Makhleb
Nemelex Xobeh
Okawaru
Qazlal
Ru
Sif Muna
Trog
Uskayaw
Vehumet
Wu Jian
Xom
Yredelemnul
Zin
The Shining One
Jiyva

Shops:
D:5 [   D:9 =   D:10 *   D:11 [

Annotations:
D:3 Ijyb
D:4 exclusions: downstairs and upstairs
D:5 exclusions: centaur and upstairs
D:6 Menkaure, Prince Ribbit


Innate Abilities, Weirdness & Mutations

You do not eat or drink.
Your flesh is vulnerable to fire.
You are immune to poison.
Your flesh is cold resistant. (rC+)
You are immune to negative energy. (rN+++)
You are immune to unholy pain and torment.
You can survive without breathing.


Message History

* * * LOW HITPOINT WARNING * * *
The basilisk barely misses your bullfrog skeleton.
The black mamba bites you!
* * * LOW HITPOINT WARNING * * *
Your bullfrog skeleton closely misses the basilisk.
The black mamba bites you.
Your bullfrog skeleton barely misses the basilisk.
The basilisk gazes at your bullfrog skeleton.
Your bullfrog skeleton is moving more slowly.
The black mamba bites you but does no damage.
Your bullfrog skeleton hits the basilisk.
The basilisk bites your bullfrog skeleton!
The black mamba bites you but does no damage.
The black mamba bites you but does no damage.
Your bullfrog skeleton hits the basilisk.
The basilisk gazes at your bullfrog skeleton.
Your bullfrog skeleton stops moving altogether!
The black mamba bites you!
You die...
Kikubaaqudgha rasps: "You have failed me!
Welcome... oblivion!"

........P........P........
......#...........#.......
#...........#......P%%...
##.#......#..............
#.....P..#.........P...#
###.#.Z...#.............
####lF##.........P....
##S#####..#..P....# #@#
###..##P#### ### #######


You could see a black mamba, a spiny frog, a basilisk and a friendly bullfrog
skeleton (petrified).

Vanquished Creatures
  2 hydras
  3 unseen horrors
  3 black mambas
  2 spiny frogs
  2 rime drakes
  3 komodo dragons
  A polar bear (Lair:5)
  6 hippogriffs
  2 redbacks (Lair:4)
  A shadow (D:9)
  A wyvern (Lair:1)
  A basilisk (Lair:1)
  12 yaks
  2 hungry ghosts
  Edmund (D:5)
  6 water moccasins
  3 porcupines
  4 ice beasts
  A sky beast (D:9)
  2 eyes of draining (D:9)
  2 orc warriors (D:9)
  A necrophage (D:9)
  2 phantoms
  5 ogres
  2 centaurs
  8 crocodiles
  5 bullfrogs
  A wyvern zombie (D:10)
  6 scorpions
  8 wights
  A howler monkey (D:8)
  5 crimson imps
  2 bullfrog skeletons
  6 hounds
  2 jellies
  2 centaur skeletons (D:7)
  3 orc priests
  7 orc wizards
  5 iguanas
  5 worker ants
  3 ogre zombies (D:10)
  A hound skeleton (D:11)
  15 adders
  3 shadow imps
  2 white imps (Lair:4)
  An ooze (D:7)
  An adder zombie (D:9)
  2 adder skeletons
  2 worms (D:4)
  2 dart slugs (D:1)
  8 leopard geckos
  23 orcs
  A ball python (D:1)
  4 bats
  6 giant cockroaches
  3 goblins
  7 hobgoblins
  4 jackals
  3 quokkas
  3 frilled lizards
  A goblin zombie (D:10)
  2 hobgoblin zombies (D:10)
  A jackal zombie (D:5)
  7 kobolds
  An orc skeleton (D:10)
  11 orc zombies
  A quokka zombie (D:6)
  5 rats
  A plant (Lair:2)
260 creatures vanquished.

Vanquished Creatures (collateral kills)
  An ice dragon (Lair:4)
  A spiny frog (Lair:3)
  A blink frog (Lair:2)
  A porcupine (Lair:2)
  An ogre (D:8)
  A bullfrog (Lair:3)
  A worker ant (D:8)
  A white imp (Lair:4)
  3 orcs (D:10)
  A butterfly (Lair:5)
  A fungus (Lair:4)
13 creatures vanquished.

Vanquished Creatures (others)
  A hobgoblin (D:2)
1 creature vanquished.

Grand Total: 274 creatures vanquished

Notes
Turn   | Place    | Note
-------+----------+-------------------------------------------
     0 | D:1      | Lavandula the Mummy Arcane Marksman began the quest for the Orb.
     0 | D:1      | Reached XP level 1. HP: 15/15 MP: 2/2
    90 | D:2      | Found a white marble altar of Elyvilon.
   225 | D:1      | Reached XP level 2. HP: 17/21 MP: 0/4
   607 | D:1      | Reached XP level 3. HP: 26/26 MP: 5/5
  1007 | D:3      | Found a sacrificial altar of Ru.
  1258 | D:3      | Reached XP level 4. HP: 32/32 MP: 4/6
  1367 | D:3      | Noticed Ijyb
  1499 | D:4      | Found a stormy altar of Qazlal.
  1566 | D:4      | Reached XP level 5. HP: 27/37 MP: 3/7
  1595 | D:5      | Entered Level 5 of the Dungeon
  1631 | D:4      | Noticed an ogre
  1736 | D:5      | Learned a level 2 spell: Slow
  2208 | D:4      | Reached XP level 6. HP: 34/43 MP: 3/8
  2280 | D:4      | Found an iron altar of Okawaru.
  2519 | D:5      | Noticed Edmund
  2792 | D:3      | good
  3134 | D:4      | Reached skill level 5 in Dodging
  3467 | D:5      | Killed Edmund
  3467 | D:5      | Reached XP level 7. HP: 18/48 MP: 9/9
  3678 | D:5      | Found a burning altar of Makhleb.
  3679 | D:5      | Found a shimmering altar of Xom.
  3865 | D:5      | Found Ifiuca's Armour Shoppe.
  3892 | D:5      | Bought a +1 helmet of see invisible for 231 gold pieces
  4072 | D:5      | Reached skill level 5 in Crossbows
  4151 | D:6      | Noticed Menkaure
  4274 | D:6      | Found an ornate altar of the Wu Jian Council.
  4735 | D:6      | Reached XP level 8. HP: 54/54 MP: 10/10
  4757 | D:6      | Noticed Prince Ribbit
  5098 | D:6      | Found a blossoming altar of Fedhas.
  5133 | D:7      | Found a glowing silver altar of Zin.
  5147 | D:7      | Found a staircase to the Ecumenical Temple.
  5168 | Temple   | Entered the Ecumenical Temple
  5209 | Temple   | Became a worshipper of Kikubaaqudgha
  5301 | D:7      | Noticed a hippogriff
  5337 | D:7      | Killed a hippogriff
  5337 | D:7      | Reached skill level 5 in Fighting
  5358 | D:7      | Learned a level 4 spell: Cause Fear
  5443 | D:7      | Identified a scroll of acquirement
  5626 | D:8      | :)
  5688 | D:8      | Found a staircase to the Lair.
  5705 | D:8      | Reached skill level 1 in Maces & Flails
  5726 | D:8      | You fall through a shaft for 3 floors!
  5762 | D:10     | Entered Level 10 of the Dungeon
  5763 | D:10     | Found Zatimaz's Assorted Antiques.
  5788 | D:9      | Noticed a hippogriff
  5816 | D:10     | Noticed an unseen horror
  5821 | D:10     | Killed an unseen horror
  5821 | D:10     | Reached XP level 9. HP: 60/68 MP: 14/14
  5872 | D:10     | Found a staircase to the Orcish Mines.
  6021 | D:11     | Noticed an unseen horror
  6035 | D:11     | Killed an unseen horror
  6180 | D:11     | Reached * piety under Kikubaaqudgha
  6180 | D:11     | Identified Kikubaaqudgha's Disquisition on Sinister Secrets (Kikubaaqudgha gifted it to you on level 11 of the Dungeon)
  6180 | D:11     | Received a gift from Kikubaaqudgha
  6186 | D:11     | Learned a level 3 spell: Vampiric Draining
  6188 | D:11     | Learned a level 1 spell: Animate Skeleton
  6191 | D:11     | Learned a level 2 spell: Corpse Rot
  6256 | D:11     | Reached skill level 1 in Necromancy
  6283 | D:11     | Found Apnuuhak's Antique Armour Emporium.
  6317 | D:11     | Reached skill level 2 in Necromancy
  6351 | D:11     | Noticed a two-headed ogre
  6392 | D:10     | Reached skill level 3 in Necromancy
  6497 | D:10     | Reached XP level 10. HP: 58/74 MP: 15/15
  6534 | D:9      | Found a radiant altar of Vehumet.
  6555 | D:9      | Found Aliekhemu's Jewellery Boutique.
  6594 | D:9      | Reached skill level 5 in Spellcasting
  6618 | D:9      | Got a spiked ring mail
  6629 | D:9      | Identified the cursed +1 ring mail of the Vaults {rF- rC+ MR+ Dex+4} (You found it on level 9 of the Dungeon)
  6637 | D:9      | Learned a level 4 spell: Control Undead
  6761 | D:9      | Reached skill level 4 in Necromancy
  6905 | D:9      | Reached skill level 5 in Necromancy
  7240 | D:8      | Reached skill level 6 in Necromancy
  7352 | D:8      | Reached ** piety under Kikubaaqudgha
  7402 | D:8      | Got a smoking rapier
  7403 | D:8      | Identified the +8 rapier of Kaytua {flame, rElec rC+ Str+3} (You found it on level 8 of the Dungeon)
  7526 | D:8      | Found a deep blue altar of Sif Muna.
  7526 | D:8      | Found a glowing golden altar of the Shining One.
  7741 | D:9      | Noticed an unseen horror
  7761 | D:9      | Killed an unseen horror
  7761 | D:9      | Reached skill level 7 in Necromancy
  7844 | D:9      | Found a sparkling altar of Nemelex Xobeh.
  8292 | Lair:1   | Entered Level 1 of the Lair of Beasts
  8329 | Lair:1   | Reached skill level 5 in Hexes
  8409 | Lair:1   | Got a sparkling lead ring
  8410 | Lair:1   | Identified the ring of Xyturro {rCorr Int+4 Dex+4 Slay-5 Stlth+} (You found it on level 1 of the Lair of Beasts)
  8500 | Lair:1   | Reached *** piety under Kikubaaqudgha
  8500 | Lair:1   | Identified Kikubaaqudgha's Incunabulum of Sinister Arts (Kikubaaqudgha gifted it to you on level 1 of the Lair of Beasts)
  8500 | Lair:1   | Received a gift from Kikubaaqudgha
  8500 | Lair:1   | Reached XP level 11. HP: 74/80 MP: 17/21
  8502 | Lair:1   | damn
  8502 | Lair:1   | no simulacrum, nor DC
  8682 | Lair:2   | Noticed a four-headed hydra
  8700 | Lair:2   | Killed a four-headed hydra
  8700 | Lair:2   | Reached skill level 8 in Necromancy
  8813 | Lair:2   | Learned a level 5 spell: Bolt of Draining
  8913 | Lair:2   | Reached skill level 9 in Necromancy
  9013 | Lair:2   | Noticed a catoblepas
  9310 | Lair:3   | Reached skill level 10 in Necromancy
  9495 | Lair:1   | Reached skill level 1 in Conjurations
  9572 | D:9      | Bought an uncursed ring of wizardry for 390 gold pieces
  9893 | Lair:4   | Found a hole to the Spider Nest.
  9970 | Lair:4   | Found a staircase to the Swamp.
 10163 | Lair:3   | Noticed an eight-headed hydra
 10172 | Lair:3   | Killed an eight-headed hydra
 10181 | Lair:3   | Learned a level 5 spell: Agony
 10328 | Lair:4   | Noticed an ice dragon
 10336 | Lair:4   | Killed an ice dragon
 10391 | Lair:5   | Found a viscous altar of Jiyva.
 10391 | Lair:5   | Found a staircase to the Slime Pits.
 10407 | Lair:5   | Reached XP level 12. HP: 80/86 MP: 7/25
 10518 | Lair:5   | HP: 2/86 [black mamba (4)]
 10521 | Lair:5   | Slain by a black mamba

Vault maps used:
D:1:      dpeg_arrival_erosion, minmay_unequal
D:2:      elyvilon_altar_4, first_bread
D:3:      hangedman_ru_absence, uniq_ijyb
D:4:      okawaru_metal_pillars_3, marbit_many_paths
D:5:      grunt_temple_overflow_champion_of_chaos, serial_shops, shop,
          uniq_edmund
D:6:      kennysheep_mini, nicolae_gozag_seed_capital,
          fedhas_bush_and_centaur_altar, uniq_grinder, uniq_sigmund,
          uniq_prince_ribbit1, uniq_menkaure
D:7:      overflow_temple_1_default, minmay_temple_entry_large_hall,
          wad_floor_pattern_1
D:8:      gammafunk_temple_overflow_elements, lair_entry_dummy
D:9:      old_standard_altar, lemuel_crystal_altar, serial_shops, shop,
          grunt_ministairs_10
D:10:     zombieorc2_lemuel, serial_shops, nicolae_shop_overgrown_old_shop
D:11:     serial_shops, shop, hangedman_pestilent_swarm, minmay_misc_feat_square
Temple:   jpeg_temple_island
Lair:1:   serial_bayou_shore_a, grunt_megastairs_5
Lair:2:   special_room, hangedman_lair_generics_rect
Lair:4:   swamp_mist, spider_nest_entry_webs, bobbens_ice_dragon_lair
Lair:5:   slime_altar_1, lemuel_fruit_fields, grunt_megastairs_4

Skill      XL: |  1  2  3  4  5  6  7  8  9 10 11 |
---------------+----------------------------------+-----
Crossbows      | 2 3 4 6 |  6.2
Dodging        | 3 4 5 |  5.1
Fighting       | 5 |  5.2
Spellcasting   | 3 7 9 |  9.8
Hexes          | 3 5 |  5.0
Maces & Flails | 3 6 |  6.7
Necromancy     | 3 7 10 | 10.0
Conjurations   | 4 |  4.1

Action                   |  1- 3 |  4- 6 |  7- 9 | 10-12 || total
-------------------------+-------+-------+-------+-------++-------
Melee: Dagger            |    16 |    25 |    65 |       ||   106
       Flail             |       |       |     2 |       ||     2
       Demon whip        |       |       |    64 |   415 ||   479
       Rapier            |       |       |       |     2 ||     2
 Fire: Hand crossbow     |    74 |   119 |   226 |     1 ||   420
 Cast: Corona            |    34 |    18 |    33 |    14 ||    99
       Slow              |       |    15 |    23 |    16 ||    54
       Animate Skeleton  |       |       |     3 |    36 ||    39
       Corpse Rot        |       |       |     1 |    11 ||    12
       Vampiric Draining |       |       |       |    77 ||    77
       Control Undead    |       |       |       |     9 ||     9
       Agony             |       |       |       |    12 ||    12
       Cause Fear        |       |       |       |     2 ||     2
Invok: Receive Corpses   |       |       |       |     6 ||     6
Evoke: Wand              |       |     2 |       |     1 ||     3
  Use: Scroll            |     1 |     5 |     8 |     8 ||    22
 Stab: Sleeping          |       |       |       |     1 ||     1
       Distracted        |       |       |       |     1 ||     1
Armor: Leather armour    |    21 |    16 |    64 |   104 ||   205
       Ring mail         |       |       |       |     2 ||     2
Dodge: Dodged            |    43 |    62 |   190 |   233 ||   528
